 Dungeon Crawl Stone Soup version 0.31.0-4-g52a2dc7128 (webtiles) character file.

Game seed: 8679210743140758663

8276 Gottschkopf the Fighter (level 11, 0/103 HPs)
             Began as a Minotaur Fighter on Jan 22, 2024.
             Was a Priest of Uskayaw.
             Slain by Snorg (13 damage)
             ... on level 10 of the Dungeon.
             The game lasted 00:30:29 (7917 turns).

Gottschkopf the Fighter (Minotaur Fighter)          Turns: 7917, Time: 00:30:30

Health: 0/103      AC: 21    Str: 27    XL:     11   Next: 7%
Magic:  10/10      EV: 17    Int:  5    God:    Uskayaw [***...]
Gold:   87         SH:  0    Dex: 11    Spells: 10/10 levels left

rFire   . . .        C - +5 woodcutter's axe
rCold   + . .        (shield currently unavailable)
rNeg    + . .        y - +0 plate armour
rPois   .            (helmet restricted)
rElec   .            S - +0 cloak
rCorr   .            V - +1 pair of gloves of Lakehy {rC+ rN+ Str+3}
SInv    .            J - +1 pair of boots
Will    .....        (no amulet) Stlth
                     j - +5 ring of evasion
HPRegen 0.37/turn    t - +5 ring of evasion
MPRegen 0.12/turn

%: no passive effects
@: no status effects
A: horns 2, retaliatory headbutt
a: Renounce Religion, Stomp, Line Pass


You were on level 10 of the Dungeon.
You worshipped Uskayaw.
Uskayaw was noncommittal.
You visited 3 branches of the dungeon, and saw 12 of its levels.

You collected 517 gold pieces.
You spent 430 gold pieces at shops.

Inventory:

Hand Weapons
 C - the +5 woodcutter's axe (weapon)
   (You found it on level 5 of the Dungeon)
 T - a +3 great mace
Missiles
 B - 18 darts of dispersal (quivered)
Armour
 c - a +0 buckler
 m - a +1 helmet
 y - a +0 plate armour (worn)
 A - a +2 ring mail of positive energy
 J - a +1 pair of boots (worn)
 P - +0 acid dragon scales
 S - a +0 cloak (worn)
 V - the +1 pair of gloves of Lakehy (worn) {rC+ rN+ Str+3}
   (You bought it in a shop on level 10 of the Dungeon)

   Str+3:     It affects your strength (+3).
   rC+:       It protects you from cold.
   rN+:       It protects you from negative energy.
Magical Staves
 q - a staff of air
 w - a staff of alchemy
Jewellery
 e - a ring of magical power
 j - a +5 ring of evasion (left hand)
 t - a +5 ring of evasion (right hand)
 H - a ring of magical power
 K - a ring of see invisible
 U - a +6 ring of intelligence
Talismans
 b - a dragon-blood talisman
 Q - a blade talisman
Wands
 E - a wand of charming (8)
 R - a wand of iceblast (4)
Scrolls
 f - 2 scrolls of immolation {unknown}
 k - 2 scrolls of fog {unknown}
 o - 3 scrolls of blinking {unknown}
 p - 9 scrolls of identify
 s - 3 scrolls of teleportation
 v - 2 scrolls of enchant weapon {unknown}
 z - 3 scrolls of vulnerability {unknown}
 G - a scroll of silence {unknown}
 I - a scroll of noise {unknown}
 M - a scroll of revelation {unknown}
 N - 2 scrolls of amnesia {unknown}
 O - a scroll of butterflies {unknown}
Potions
 a - a potion of ambrosia {unknown}
 d - 3 potions of might
 h - a potion of lignification {unknown}
 i - 3 potions of degeneration {unknown}
 l - 9 potions of curing {unknown}
 n - 3 potions of heal wounds {unknown}
 r - a potion of mutation {unknown}
 u - 2 potions of cancellation {unknown}
 x - a potion of enlightenment {unknown}
 D - a potion of resistance {unknown}
 L - a potion of haste {unknown}


   Skills:
 + Level 11.6 Fighting
 - Level 2.4 Long Blades
 - Level 11.0(12.0) Axes
 - Level 7.5(10.3) Maces & Flails
 + Level 10.3 Armour
 - Level 6.6 Shields


You had 10 spell levels left.
You didn't know any spells.
Your spell library contained the following spells:

 Spells                   Type           Power      Damage    Failure   Level
 Apportation              Tloc           0%         N/A       99%         1
 Cigotuvi's Dreadful Rot  Necr/Alch/Air  0%         N/A       100%        2
 Jinxbite                 Hex            0%         N/A       100%        2
 Dispel Undead            Necr           0%         3d6       100%        4
 Martyr's Knell           Necr/Summ      0%         N/A       100%        4
 Olgreb's Toxic Radiance  Alch           0%         N/A       100%        4
 Alistair's Intoxication  Alch           0%         N/A       100%        5
 Iskenderun's Battlesphe  Conj           0%         2d6       100%        5
 Bombard                  Conj/Erth      0%         9d1       100%        6
 Death Channel            Necr           0%         N/A       100%        6
 Ozocubu's Refrigeration  Ice            0%         4d7       100%        7
 Spellforged Servitor     Conj/Summ      0%         N/A       100%        7
 Discord                  Hex            0%         N/A       100%        8


Dungeon Overview and Level Annotations

Branches:
Dungeon (10/15)            Temple (1/1) D:7            Lair (0/5) D:9
    Orc (1/2) D:10

Altars:
Ashenzari
Cheibriados
Dithmenos
Elyvilon
Fedhas
Gozag
Hepliaklqana
Kikubaaqudgha
Makhleb
Okawaru
Qazlal
Ru
Sif Muna
Trog
Uskayaw
Vehumet
Xom
Yredelemnul
Zin
The Shining One

Shops:
D:5 ?[[   D:6 *   D:8 =   D:10 [

Annotations:
D:3 Natasha
D:10 Snorg


Innate Abilities, Weirdness & Mutations

You have a pair of horns on your head.
You reflexively headbutt those who attack you in melee.


Message History

Snorg claws you but does no damage. Snorg misses you. Snorg claws you!
Snorg misses you. The orc attacks as it pursues you!
The orc closely misses you. Snorg attacks as she pursues you! Snorg bites you.
Snorg claws you. Snorg closely misses you.
There is a staircase back to the Dungeon here.
Snorg bites you but does no damage. Snorg claws you but does no damage. x2
Snorg misses you. x2; Snorg barely misses you.
You climb upwards.
Welcome back to the Dungeon!
You can no longer pass through a line of other dancers.
There is a staircase to the Orcish Mines here.
You slice Snorg!!
Snorg is lightly wounded.
Snorg closely misses you. Snorg barely misses you. Snorg misses you.
You can now pass through a line of other dancers.
You slice Snorg!!
Snorg is moderately wounded.
Snorg misses you. You furiously retaliate!
You headbutt Snorg! Snorg claws you. Snorg claws you but does no damage.
Snorg bites you but does no damage. Snorg claws you! Snorg barely misses you.
You slash Snorg! You headbutt Snorg!
Snorg is heavily wounded.
Snorg misses you. Snorg claws you but does no damage. Snorg claws you.
* * * LOW HITPOINT WARNING * * *
Uskayaw will force your foes to helplessly watch your dance.
You slice Snorg!! Your headbutt misses Snorg.
Snorg is severely wounded.
Snorg misses you. Snorg claws you.
* * * LOW HITPOINT WARNING * * *
Snorg barely misses you. Snorg bites you but does no damage.
Snorg closely misses you. Snorg claws you but does no damage.
You barely miss Snorg.
Snorg is heavily wounded.
Snorg barely misses you. Snorg closely misses you. x2
You carve Snorg like a ham!!! You headbutt Snorg!
Snorg is almost dead.
Snorg closely misses you. Snorg misses you. Snorg claws you!
* * * LOW HITPOINT WARNING * * *
Snorg bites you but does no damage. Snorg claws you!
You die...

............# #..#' .
###.. ............# ..##
.. #..
.....).......#####..#..#
#..
........................
............$...........
........................
.?..............)#......
.........[..............
.............@T...#.....
.......<.#(.......# ....
##########...∩....# ...
#.......## #. #.......#
#......[.# #.###....# #.
#.....# .. ##.....


You could see Snorg (berserk).

Vanquished Creatures
  A two-headed ogre (D:8)
  An orc knight (D:10)
  4 trolls
  Sigmund (D:3)
  6 yaks
  A wyvern (D:9)
  A wraith (D:10)
  A warg (Orc:1)
  2 acid dragons (D:9)
  4 water moccasins
  Duvessa (D:5)
  5 orc warriors
  3 black bears (D:9)
  2 ice beasts
  2 ogres
  2 phantoms (D:6)
  3 kobold brigands (D:6)
  2 centaurs
  5 bullfrogs
  2 gnoll sergeants
  5 scorpions
  3 wights (D:9)
  Dowan (D:5)
  13 killer bees
  4 howler monkeys
  4 hounds
  2 jellies
  A gnoll bouda (D:7)
  5 orc priests
  2 iguanas (D:6)
  4 orc wizards
  Natasha (D:3)
  Robin (D:4)
  4 adders
  15 gnolls
  4 river rats (D:6)
  3 shadow imps
  4 ufetubi
  A dart slug (D:3)
  44 orcs
  2 bats (D:1)
  7 endoplasms
  2 giant cockroaches
  16 goblins
  12 hobgoblins
  3 quokkas
  6 ball pythons
  6 frilled lizards
  12 kobolds
  8 rats
244 creatures vanquished.

Notes
Turn   | Place    | Note
-------+----------+-------------------------------------------
     0 | D:1      | Gottschkopf the Minotaur Fighter began the quest for the
                  | Orb.
     0 | D:1      | Reached XP level 1. HP: 19/19 MP: 0/0
     2 | D:1      | Noticed a merfolk
     4 | D:1      | Noticed a gargoyle
     4 | D:1      | Noticed a human
     6 | D:1      | Noticed a spriggan
     6 | D:1      | Noticed a vine stalker
     8 | D:1      | Noticed a ghoul
     8 | D:1      | Noticed a djinni
    10 | D:1      | Noticed a demigod
    10 | D:1      | Noticed a formicid
    12 | D:1      | Noticed an armataur
    12 | D:1      | Noticed a demonspawn
    14 | D:1      | Noticed an elf
    14 | D:1      | Noticed a vampire
    16 | D:1      | Noticed an oni
    16 | D:1      | Noticed a troll
    18 | D:1      | Noticed an octopode
    20 | D:1      | Noticed a barachi
    20 | D:1      | Noticed a draconian
    22 | D:1      | Noticed a minotaur
    24 | D:1      | Noticed a tengu
    24 | D:1      | Noticed a felid
    26 | D:1      | Noticed a naga
   288 | D:1      | Reached XP level 2. HP: 27/27 MP: 1/1
   651 | D:1      | Reached skill level 1 in Maces & Flails
   815 | D:2      | Reached XP level 3. HP: 33/33 MP: 2/2
  1861 | D:3      | You fall into a shaft and drop 3 floors!
  1871 | D:6      | Noticed a scorpion
  1904 | D:6      | Found a stormy altar of Qazlal.
  1916 | D:6      | Reached XP level 4. HP: 24/40 MP: 3/3
  1917 | D:6      | Noticed a scorpion
  1944 | D:6      | Noticed an ogre
  1959 | D:6      | Noticed a phantom
  1987 | D:6      | Killed a phantom
  1988 | D:6      | Reached XP level 5. HP: 24/46 MP: 4/4
  1989 | D:5      | Entered Level 5 of the Dungeon
  2450 | D:3      | Noticed Sigmund
  2457 | D:3      | Killed Sigmund
  2458 | D:3      | Reached skill level 5 in Maces & Flails
  2458 | D:3      | Reached skill level 5 in Armour
  2458 | D:3      | Reached skill level 5 in Shields
  2458 | D:3      | Reached XP level 6. HP: 47/52 MP: 5/5
  2481 | D:3      | Found a faded altar of an unknown god.
  2481 | D:3      | Found a hazy altar of Hepliaklqana.
  2483 | D:3      | Found a faded altar of an unknown god.
  2491 | D:3      | Prayed at the altar of an unknown god.
  2491 | D:3      | Became a worshipper of Uskayaw the Reveller
  2491 | D:3      | Reached * piety under Uskayaw
  2761 | D:3      | Noticed Natasha
  2764 | D:3      | Killed Natasha
  2866 | D:3      | Found an ancient bone altar of Kikubaaqudgha.
  2866 | D:3      | Noticed Natasha
  2898 | D:4      | Noticed an ice beast
  3141 | D:4      | Reached ** piety under Uskayaw
  3142 | D:4      | Killed an ice beast
  3154 | D:4      | Reached XP level 7. HP: 59/59 MP: 6/6
  3229 | D:4      | Noticed Robin
  3247 | D:4      | Reached *** piety under Uskayaw
  3250 | D:4      | Killed Robin
  3250 | D:4      | Reached **** piety under Uskayaw
  3318 | D:4      | Found a white marble altar of Elyvilon.
  3458 | D:4      | Found a burning altar of Makhleb.
  3508 | D:5      | Found Lupteuw's Magic Scroll Boutique.
  3519 | D:5      | Bought a scroll of identify for 22 gold pieces
  3524 | D:5      | Noticed Dowan
  3525 | D:5      | Noticed Duvessa
  3537 | D:5      | Killed Duvessa
  3539 | D:5      | Killed Dowan
  3654 | D:5      | Found Digrouq's Armour Emporium.
  3739 | D:5      | Found Otesoewu's Armour Shop.
  3833 | D:5      | Found the +5 woodcutter's axe
  3841 | D:5      | Reached XP level 8. HP: 63/66 MP: 7/7
  3935 | D:5      | Found a shadowy altar of Dithmenos.
  4021 | D:5      | Found a hide-covered altar of Uskayaw.
  4114 | D:6      | Reached skill level 1 in Axes
  4411 | D:6      | Found Boumog's Assorted Antiques.
  4486 | D:6      | Reached skill level 5 in Fighting
  4486 | D:6      | Reached skill level 5 in Axes
  4918 | D:7      | Found a blossoming altar of Fedhas.
  5129 | D:7      | Reached XP level 9. HP: 62/75 MP: 8/8
  5140 | D:7      | Reached ***** piety under Uskayaw
  5150 | D:7      | Reached ****** piety under Uskayaw
  5612 | D:7      | Found a staircase to the Ecumenical Temple.
  5622 | Temple   | Entered the Ecumenical Temple
  5811 | D:8      | Found a shimmering blue altar of Sif Muna.
  5825 | D:8      | Found an opulent altar of Gozag.
  6029 | D:8      | Reached skill level 10 in Axes
  6031 | D:8      | Found a glowing silver altar of Zin.
  6037 | D:8      | Noticed an angel
  6039 | D:8      | Found a shimmering altar of Xom.
  6309 | D:8      | Found a bloodstained altar of Trog.
  6344 | D:8      | Found Mugor's Jewellery Shoppe.
  6368 | D:8      | Noticed a two-headed ogre
  6375 | D:8      | Killed a two-headed ogre
  6376 | D:8      | Reached XP level 10. HP: 75/90 MP: 9/9
  7168 | D:9      | Reached skill level 10 in Fighting
  7169 | D:9      | Found a staircase to the Lair.
  7235 | D:9      | Found a sacrificial altar of Ru.
  7684 | D:10     | Entered Level 10 of the Dungeon
  7684 | D:10     | Found a staircase to the Orcish Mines.
  7685 | D:10     | Found Jateism's Armour Emporium.
  7685 | D:10     | Noticed an orc knight
  7811 | D:10     | Killed an orc knight
  7812 | D:10     | Reached skill level 10 in Armour
  7812 | D:10     | Reached XP level 11. HP: 76/102 MP: 10/10
  7847 | D:10     | Bought the +1 pair of gloves of Lakehy {rC+ rN+ Str+3} for
                  | 408 gold pieces
  7862 | Orc:1    | Entered Level 1 of the Orcish Mines
  7894 | Orc:1    | Noticed Snorg
  7917 | D:10     | Slain by Snorg

Illustrated notes

Levels and vault maps discovered:
D:1:      kb_arrival_jail, layout_loops_corners
D:2:      layout_basic
D:3:      layout_basic, nicolae_hepliaklqana_ecumenical_no_more,
          general_overflow_altar, uniq_sigmund, uniq_natasha
D:4:      layout_gridville, mainiacjoe_overflow_boulevard,
          makhleb_heckhound_becter, uniq_robin
D:5:      layout_rooms, grunt_dithmenos_shadows, nicolae_uskayaw_dance_hall,
          serial_shops, shop, nicolae_shop_pleasant_corner_grove, shop,
          guppyfry_early_lair_pool, uniq_duvessa
D:6:      layout_basic, mainiacjoe_overflow_tiny_flanked, serial_shops, shop,
          portal_sewer_entry_e, minmay_unpleasant_kobolds
D:7:      layout_loops_ring, fedhas_altar_1, minmay_temple_entry_glassed_door
D:8:      layout_loops_cross, grunt_temple_overflow_order_and_chaos_1,
          grunt_gozag_breadcrumbs, overflow_temple_1_default, led_sif_pool,
          serial_aquarium, aquarium_bridge_island_small
          [aquarium_subvault_small_open, aquarium_subvault_bridge,
          aquarium_subvault_bridge, aquarium_subvault_bridge,
          aquarium_subvault_wall], aquarium_window_double,
          aquarium_window_corridor_3, aquarium_window_1, aquarium_window_1,
          aquarium_view_2c, serial_shops, nicolae_shop_back_alley_shop
D:9:      layout_rooms, mainiacjoe_overflow_chevrons,
          due_lair_maze_entry_diamond, lightli_bailey_entry_fortress,
          nicolae_concentric_dashed_squares_wild
D:10:     layout_cave_pods, nzn_wu_jian_contemplation,
          nemelex_diamond_rough_becter, orc_david_3, hellmonk_ghost_big_iron
Temple:   hellmonk_temple_beads
Orc:1:    layout_caves, portal_ice_cave_entry_pillars_1, uniq_erica, uniq_snorg,
          uniq_urug

Skill      XL: |  1  2  3  4  5  6  7  8  9 10 |
---------------+-------------------------------+-----
Fighting       | 4 6 8 11 | 11.6
Armour         | 4 5 6 10 | 10.3
Shields        | 4 5 6 |  6.6
Maces & Flails | 1 2 3 5 7 |  7.5
Axes           | 7 11 | 11.0
Long Blades    | |  2.4

Action                     |  1- 3 |  4- 6 |  7- 9 | 10-12 || total
---------------------------+-------+-------+-------+-------++-------
  Melee: Long sword        |    10 |       |       |       ||    10
         Mace              |    48 |    35 |    48 |       ||   131
         Headbutt          |     5 |     4 |    28 |    24 ||    61
         Battleaxe         |       |       |   147 |   142 ||   289
    Use: Scroll            |     1 |     1 |       |       ||     2
   Stab: Paralysed         |       |       |     9 |    12 ||    21
 Armour: Scale mail        |    51 |    33 |    34 |       ||   118
         Plate armour      |       |       |   114 |   125 ||   239
  Dodge: Dodged            |    40 |    55 |   177 |   205 ||   477
  Block: Buckler           |    16 |    19 |    20 |       ||    55
